 Dungeon Crawl Stone Soup version 0.21.0-3-g78d12a8 (webtiles) character file.

5878 Ignatius881 the Cleaver (level 10, -5/91 HPs)
             Began as a Minotaur Berserker on Jan 10, 2018.
             Was a High Priest of Trog.
             Slain by a freezing wraith (9 damage)
             ... on level 7 of the Dungeon.
             The game lasted 00:17:10 (7284 turns).

Ignatius881 the Cleaver (Minotaur Berserker)        Turns: 7284, Time: 00:17:11

Health: -5/91      AC: 12    Str: 22    XL:     10   Next: 52%
Magic:  9/9        EV: 12    Int:  4    God:    Trog [*****.]
Gold:   454        SH:  0    Dex: 13    Spells: 9/9 levels left

rFire    . . .     SeeInvis .   p - +0 war axe (chop)
rCold    + . .     Gourm    .   (no shield)
rNeg     . . .     Faith    .   q - +0 chain mail {rC+}
rPois    .         Spirit   .   (helmet restricted)
rElec    .         Reflect  .   C - +0 cloak {MR+}
rCorr    .         Harm     .   (no gloves)
MR       +....                  (no boots)
Stlth    ..........             m - amulet of regeneration
HPRegen  0.65/turn              (no ring)
MPRegen  0.11/turn              (no ring)

@: berserk cooldown, slowed, very slow
A: retaliatory headbutt, horns 2
a: Berserk, Trog's Hand, Brothers in Arms, Burn Spellbooks, Renounce Religion


You were on level 7 of the Dungeon.
You worshipped Trog.
Trog was extremely pleased with you.
You were very hungry.

You visited 1 branch of the dungeon, and saw 7 of its levels.

You collected 454 gold pieces.

Inventory:

Hand Weapons
 a - a +0 hand axe
 p - a +0 war axe of chopping (weapon)
   (You took it off an orc on level 3 of the Dungeon)
 t - a +4 quarterstaff of chaos
   (You took it off Crazy Yiuf on level 4 of the Dungeon)
 E - a +0 battleaxe
   (You took it off an orc warrior on level 7 of the Dungeon)
Armour
 b - a +0 animal skin
 i - a +0 ring mail
   (You found it on level 2 of the Dungeon)
 q - a +0 chain mail of cold resistance (worn)
   (You took it off an orc on level 3 of the Dungeon)
 B - a +0 pair of boots
   (You found it on level 6 of the Dungeon)
 C - a +0 cloak of magic resistance (worn)
   (You took it off Crazy Yiuf on level 4 of the Dungeon)
 H - a +2 hat
   (You found it on level 7 of the Dungeon)
 I - the +3 leather armour "Lafomisa" {+Blink rPois Dex+4, unknown}
   (You took it off a skeletal warrior on level 7 of the Dungeon)

   It affects your dexterity (+4).
   It protects you from poison.
   It lets you blink.
Jewellery
 m - an amulet of regeneration (around neck)
   (You found it on level 3 of the Dungeon)
 s - an uncursed amulet of faith {!P}
   (You found it on level 7 of the Dungeon)
 v - an uncursed ring of positive energy {unknown}
   (You found it on level 5 of the Dungeon)
 y - an uncursed ring of poison resistance {unknown}
   (You found it on level 5 of the Dungeon)
Wands
 d - a wand of iceblast (4)
   (You found it on level 6 of the Dungeon)
 w - a wand of polymorph (8)
   (You found it on level 5 of the Dungeon)
Scrolls
 j - a scroll of teleportation {unknown}
 l - 3 scrolls of magic mapping
 n - 3 scrolls of amnesia {unknown}
 u - a scroll of enchant weapon {unknown}
 x - a scroll of immolation {unknown}
 z - 2 scrolls of fog {unknown}
 A - 2 scrolls of random uselessness {unknown}
Potions
 f - a potion of cancellation {unknown}
 g - 3 potions of curing {@q1}
 h - 2 potions of degeneration {unknown}
 k - a potion of mutation {unknown}
 o - 2 potions of resistance {unknown}
 r - a potion of brilliance {unknown}
 D - a potion of lignification {unknown}
 G - a potion of flight {unknown}
Books
 c - a book of Callings
   (You found it on level 3 of the Dungeon)
Comestibles
 e - 20 rations


   Skills:
 + Level 9.3 Fighting
 * Level 12.2 Axes
 + Level 8.9 Armour
 + Level 8.1 Dodging


You had 9 spell levels left.
You didn't know any spells.

Dungeon Overview and Level Annotations

Branches:
Dungeon (7/15)             Temple (0/1) D:7

Altars:
Ashenzari
Okawaru
Ru

Shops:
D:6 (


Innate Abilities, Weirdness & Mutations

You reflexively headbutt those who attack you in melee.
You have a pair of horns on your head.


Message History

The ten-headed hydra bites you.
You chop one of the ten-headed hydra's heads off!
The nine-headed hydra grows two more!
You slice the 11-headed hydra!!
You kill the 11-headed hydra!
Trog accepts your kill.
Your Axes skill increases to level 12!
Your Dodging skill increases to level 8!
Calm down first, please.
You start resting.
A freezing wraith comes into view.
You feel a strong urge to attack something.
Unknown command.
You feel your anger nearly subside.
You are no longer berserk.
You are exhausted.
You feel yourself slow down. The freezing wraith hits you.
The freezing wraith freezes you! You resist.
* * * LOW HITPOINT WARNING * * *
The freezing wraith misses you.
You see here a hydra corpse.
You slash the freezing wraith!
You headbutt the freezing wraith, but do no damage.
The freezing wraith hits you.
* * * LOW HITPOINT WARNING * * *
The freezing wraith freezes you! You resist.
* * * LOW HITPOINT WARNING * * *
The freezing wraith hits you but does no damage.
The freezing wraith hits you.
* * * LOW HITPOINT WARNING * * *
The freezing wraith freezes you! You resist.
* * * LOW HITPOINT WARNING * * *
The freezing wraith hits you.
* * * LOW HITPOINT WARNING * * *
The freezing wraith drains your vigour!
You feel as though you will be slow longer.
The freezing wraith hits you but does no damage. x2
The freezing wraith hits you but does no damage.
The freezing wraith hits you.
* * * LOW HITPOINT WARNING * * *
The freezing wraith hits you.
* * * LOW HITPOINT WARNING * * *
The freezing wraith freezes you! You resist.
* * * LOW HITPOINT WARNING * * *
The freezing wraith hits you but does no damage.
The freezing wraith barely misses you. x2
Items here: )) [[ a falchion; a robe; a short sword; a leather armour The freezing wraith hits you.
* * * LOW HITPOINT WARNING * * *
The freezing wraith freezes you! You resist.
You die...

.....###...................#
####..#..#######..########.######
...##...##.....##..##...........#
.#..##.##.#####.##..#.####.####.#
.##..###.##...##.##.#.#..#.# #.#
.#....#.##.###.##.#.#.#..#.# #.#
...##.#.#.## ##.#.#.#.#..#.# #.#
...##...#.# #W###.#.#..#.# #.#
.#....#.#†# ##@##.#.#..#.####.#
.#....#.##.# ##|#.#.#..#....#.#
.#...###.##.. ##.##.#.#..#.##.#.#
.#..## ##.#####.##..#.#..#.##.#.#
...## ##.....##........#.......
.### #######....###.#####.###
...## ##.....##..#.............
....## ##..#.#..##...#........#.#
.....###..##.##..##..##########.#


You could see a freezing wraith.

Vanquished Creatures
  A hydra (D:7)
  A skeletal warrior (D:7)
  An unseen horror (D:7)
  Pikel (D:4)
  A deep elf mage (D:7)
  Prince Ribbit (D:5)
  A hippogriff (D:7)
  Sigmund (D:2)
  A spriggan (D:7)
  A hungry ghost (D:7)
  An ice beast (D:7)
  3 orc warriors
  4 slaves (D:4)
  3 ogres
  A black bear (D:6)
  2 bullfrogs
  A water moccasin zombie (D:6)
  A water moccasin skeleton (D:6)
  A wight (D:7)
  A howler monkey (D:5)
  4 crimson imps
  A centaur zombie (D:7)
  2 hounds
  A jelly (D:5)
  11 orc priests
  9 orc wizards
  Crazy Yiuf (D:4)
  Jessica (D:2)
  A bullfrog skeleton (D:6)
  A centaur skeleton (D:7)
  2 iguanas
  6 worker ants
  2 hound skeletons
  5 gnolls
  4 adders
  4 shadow imps
  2 oozes
  2 adder zombies
  2 adder skeletons
  4 worms
  2 dart slugs
  7 leopard geckos
  32 orcs
  3 giant cockroaches
  12 goblins
  8 hobgoblins
  3 jackals
  10 kobolds
  3 quokkas
  8 bats
  2 frilled lizards
  A jackal zombie (D:5)
  A quokka skeleton (D:6)
  8 rats
193 creatures vanquished.

Notes
Turn   | Place    | Note
-------+----------+-------------------------------------------
     0 | D:1      | Ignatius881 the Minotaur Berserker began the quest for the Orb.
     0 | D:1      | Reached XP level 1. HP: 19/19 MP: 0/0
   138 | D:1      | Reached XP level 2. HP: 27/27 MP: 1/1
   141 | D:1      | Reached skill level 4 in Axes
   528 | D:1      | Reached XP level 3. HP: 33/33 MP: 2/2
   774 | D:2      | Noticed Jessica
   786 | D:2      | Killed Jessica
   839 | D:2      | Noticed Sigmund
   846 | D:2      | Killed Sigmund
   846 | D:2      | Reached skill level 5 in Axes
   846 | D:2      | Reached XP level 4. HP: 19/41 MP: 3/3
   846 | D:2      | Reached XP level 5. HP: 22/47 MP: 4/4
  1085 | D:2      | Reached ** piety under Trog
  1089 | D:2      | Reached skill level 6 in Axes
  1089 | D:2      | Reached XP level 6. HP: 17/55 MP: 5/5
  1990 | D:3      | Reached skill level 5 in Fighting
  3229 | D:4      | Reached *** piety under Trog
  3382 | D:4      | Reached XP level 7. HP: 59/61 MP: 6/6
  3496 | D:4      | Reached skill level 7 in Axes
  3592 | D:4      | Reached skill level 5 in Armour
  3611 | D:4      | Noticed Pikel
  3626 | D:4      | Killed Pikel
  3626 | D:4      | Reached skill level 8 in Axes
  3626 | D:4      | Reached skill level 5 in Dodging
  3626 | D:4      | Reached XP level 8. HP: 9/71 MP: 7/7
  3982 | D:4      | Found an iron altar of Okawaru.
  4065 | D:4      | Found a shattered altar of Ashenzari.
  4403 | D:4      | Found a runed door.
  4464 | D:4      | Noticed Crazy Yiuf
  4469 | D:4      | Killed Crazy Yiuf
  4504 | D:5      | Entered Level 5 of the Dungeon
  4766 | D:5      | Noticed Prince Ribbit
  4777 | D:5      | Killed Prince Ribbit
  4889 | D:5      | Reached **** piety under Trog
  4889 | D:5      | Reached skill level 9 in Axes
  5533 | D:6      | Reached XP level 9. HP: 53/79 MP: 8/8
  5753 | D:6      | Found Lux Yxotz's Antique Weapon Emporium.
  5851 | D:6      | Reached skill level 10 in Axes
  5919 | D:6      | Found a sacrificial altar of Ru.
  6263 | D:7      | Reached ***** piety under Trog
  6726 | D:7      | Found a staircase to the Ecumenical Temple.
  6833 | D:7      | Reached skill level 11 in Axes
  6950 | D:7      | Received a gift from Trog
  7013 | D:7      | Noticed a deep elf mage
  7016 | D:7      | Killed an unseen horror
  7016 | D:7      | Reached XP level 10. HP: 90/90 MP: 9/9
  7019 | D:7      | Killed a deep elf mage
  7037 | D:7      | Noticed a skeletal warrior
  7085 | D:7      | Killed a skeletal warrior
  7200 | D:7      | Got a distressingly furry leather armour
  7264 | D:7      | Noticed a seven-headed hydra
  7269 | D:7      | Killed an 11-headed hydra
  7269 | D:7      | Reached skill level 12 in Axes
  7280 | D:7      | HP: 4/91 [freezing wraith (7)]
  7284 | D:7      | Slain by a freezing wraith

Skill      XL: |  1  2  3  4  5  6  7  8  9 10 |
---------------+-------------------------------+-----
Axes           | 4 5 6 8 9 11 12 | 12.2
Fighting       | 4 5 6 7 8 9 |  9.3
Armour         | 3 4 5 6 8 |  8.9
Dodging        | 3 4 5 6 7 8 |  8.1

Action                   |  1- 3 |  4- 6 |  7- 9 | 10-12 || total
-------------------------+-------+-------+-------+-------++-------
Melee: Hand axe          |    57 |    91 |       |       ||   148
       Headbutt          |     4 |    24 |    58 |     4 ||    90
       War axe           |       |    15 |   276 |    22 ||   313
Invok: Berserk           |       |     2 |     4 |     2 ||     8
  Use: Scroll            |       |     4 |     4 |       ||     8
  Eat: Chunk             |       |    10 |    17 |     3 ||    30
       Ration            |       |       |     1 |       ||     1
Armor: Animal skin       |     7 |     1 |       |       ||     8
       Ring mail         |       |    17 |       |       ||    17
       Chain mail        |       |     9 |   121 |    10 ||   140
Dodge: Dodged            |    40 |    56 |   121 |    15 ||   232
